 Dungeon Crawl Stone Soup version 0.32-a0-814-g0968bab981 (webtiles) character file.

Game seed: 17933973035330162615

277 Orlauf the Trooper (level 6, -3/51 HPs)
             Began as a Demonspawn Gladiator on Mar 22, 2024.
             Slain by an ogre
             ... wielding a +0 giant club
              (15 damage)
             ... on level 4 of the Dungeon.
             The game lasted 00:03:38 (2863 turns).

Orlauf the Trooper (Demonspawn Gladiator)           Turns: 2863, Time: 00:03:39

Health: -3/51      AC:  9    Str: 16    XL:     6   Next: 4%
Magic:  6/6        EV: 10    Int: 11    God:
Gold:   212        SH:  0    Dex: 14    Spells: 5/5 levels left

rFire   . . .        a - +0 war axe
rCold   . . .        (no shield)
rNeg    . . .        l - +0 ring mail
rPois   .            c - +0 helmet
rElec   .            m - +2 cloak
rCorr   .            (gloves unavailable)
SInv    +            (no boots)
Will    .....        (no amulet)
Stlth   +            j - ring of see invisible
HPRegen 0.28/turn    (no ring)
MPRegen 0.10/turn

%: no passive effects
@: no status effects
A: big brain 1, demonic touch 3
a: no special abilities


You were on level 4 of the Dungeon.
You visited 1 branch of the dungeon, and saw 4 of its levels.

You collected 212 gold pieces.

Inventory:

Hand Weapons
 a - a +0 war axe (weapon)
 n - a +4 quarterstaff of chaos
Missiles
 e - a javelin
Armour
 b - a +0 leather armour
 c - a +0 helmet (worn)
 l - a +0 ring mail (worn)
 m - a +2 cloak (worn)
Jewellery
 j - a ring of see invisible (left hand)
Scrolls
 f - 3 scrolls of identify
 h - a scroll of teleportation
 i - 2 scrolls of poison
 p - a scroll of blinking
Potions
 g - a potion of magic
 k - a potion of enlightenment
 o - a potion of curing


   Skills:
 * Level 5.3 Fighting
 + Level 4.1 Axes
 - Level 1.7 Throwing
 - Level 2.6 Dodging


You had 5 spell levels left.
You didn't know any spells.
Your spell library contained the following spells:

 Spells                   Type           Power      Damage    Failure   Level
 Blink                    Tloc           0%         N/A       71%         2
 Lesser Beckoning         Tloc           0%         N/A       71%         2
 Momentum Strike          Conj/Tloc      0%         3d8       71%         2


Dungeon Overview and Level Annotations

Branches:
Dungeon (4/15)
 Temple: D:4-7

Altars:
Trog

Annotations:
D:4 Menkaure


Innate Abilities, Weirdness & Mutations

You have an unusually large brain. (Int +2)
Your touch may irresistibly damage your foes and sap their willpower.


Message History

The gnoll shouts!
Edmund struggles against the net.
You slash Edmund!
Edmund is moderately wounded.
Edmund struggles against the net.
You hit Edmund.
Edmund is moderately wounded.
Edmund struggles against the net. x2
You hit Edmund.
You touch Edmund!
You sap his willpower!
Edmund is almost dead.
Edmund struggles against the net.
You hit Edmund.
You kill Edmund!
A gnoll comes into view. It is wielding a +0 halberd.
The gnoll moves out of view.
Your Fighting skill increases to level 5!
Your Axes skill increases to level 4!
You have reached level 6!
Throw: throwing net
Press: ? - help, Q - select action, (/) - cycle Shift-Dir - straight line, f - ogre
Aim: an ogre, wielding a +0 giant club (73% to hit)
You throw a throwing net.
The throwing net barely misses the ogre.
The throwing net hits the gnoll.
The gnoll is caught in the net!
The ogre hits you with a +0 giant club!
The gnoll struggles against the net.
The gnoll shouts!
You hit the ogre.
The ogre is lightly wounded.
A gnoll comes into view. It is wielding a +0 club.
The gnoll struggles against the net.
The ogre hits you with a +0 giant club!!
* * * LOW HITPOINT WARNING * * *
The gnoll struggles against the net.
Okay, then.
The gnoll shouts!
You hit the ogre. Your touch misses the ogre.
The ogre is moderately wounded.
A gnoll comes into view. It is wielding a +2 heavy halberd.
The gnoll struggles against the net.
The ogre hits you with a +0 giant club!
You die... . g>g

...g.#####
!...g.O@.####
.....###.<..#
#..
####...... #
#.... ... .


You could see an ogre and 4 gnolls.

Vanquished Creatures
  Edmund (D:4)
  2 bombardier beetles (D:2)
  Crazy Yiuf (D:2)
  2 adders
  2 dart slugs
  A ribbon worm (D:2)
  2 endoplasms (D:1)
  4 giant cockroaches
  6 hobgoblins
  4 jackals (D:1)
  4 kobolds
  3 quokkas
  4 ball pythons
  5 bats
  5 frilled lizards
  8 goblins
  4 rats
58 creatures vanquished.

Notes
Turn   | Place    | Note
-------+----------+-------------------------------------------
     0 | D:1      | Orlauf the Demonspawn Gladiator began the quest for the
                  | Orb.
     0 | D:1      | Reached XP level 1. HP: 16/16 MP: 1/1
   425 | D:1      | Gained mutation: Your touch may inflict minor irresistible
                  | damage on your foes. [demonic ancestry]
   425 | D:1      | Reached XP level 2. HP: 15/23 MP: 2/2
  1019 | D:2      | Found a runed translucent door.
  1020 | D:2      | Noticed Crazy Yiuf
  1028 | D:2      | Killed Crazy Yiuf
  1029 | D:2      | Reached skill level 3 in Fighting
  1029 | D:2      | Gained mutation: You have an unusually large brain. (Int
                  | +2) [demonic ancestry]
  1029 | D:2      | Reached XP level 3. HP: 29/29 MP: 3/3
  1099 | D:2      | Gained mutation: Your touch may inflict irresistible damage
                  | on your foes. [demonic ancestry]
  1099 | D:2      | Reached XP level 4. HP: 37/37 MP: 4/4
  1152 | D:2      | Reached skill level 4 in Fighting
  1346 | D:2      | Found a faded altar of an unknown god.
  1488 | D:2      | Gained mutation: Your touch may irresistibly damage your
                  | foes and sap their willpower. [demonic ancestry]
  1488 | D:2      | Reached XP level 5. HP: 35/43 MP: 5/5
  2218 | D:3      | Found a bloodstained altar of Trog.
  2799 | D:4      | Noticed Menkaure
  2850 | D:4      | Noticed Edmund
  2854 | D:4      | Noticed an ogre
  2860 | D:4      | Killed Edmund
  2861 | D:4      | Reached skill level 5 in Fighting
  2861 | D:4      | Reached XP level 6. HP: 45/51 MP: 6/6
  2863 | D:4      | Slain by an ogre

Illustrated notes

Levels and vault maps discovered:
D:1:      minmay_arrival_jagged, layout_basic, reono_crystal_passage
D:2:      layout_loops_corners, shapermc_ecumenical_altar_notcrosses,
          uniq_crazy_yiuf_cottage
D:3:      minmay_spotlight, layout_basic, mainiacjoe_overflow_catwalk,
          grunt_ministairs_10
D:4:      cheibrodos_thug_alley, layout_rooms, hellmonk_no_cap, uniq_edmund,
          uniq_robin, uniq_menkaure

Skill      XL: |  1  2  3  4  5 |
---------------+----------------+-----
Axes           | 3 4 |  4.1
Fighting       | 3 4 5 |  5.3
Throwing       | |  1.7
Dodging        | |  2.6

Action                     |  1- 3 |  4- 6 || total
---------------------------+-------+-------++-------
  Melee: War axe           |    50 |    87 ||   137
         Touch             |     2 |     5 ||     7
  Throw: Throwing net      |     1 |     2 ||     3
    Use: Scroll            |     4 |     4 ||     8
   Stab: Distracted        |     1 |       ||     1
         Held in net/web   |     1 |       ||     1
 Armour: Leather armour    |    32 |       ||    32
         Ring mail         |     4 |    65 ||    69
  Dodge: Dodged            |    39 |    60 ||    99

Table legend: (Time is in decaauts)
 A = Elapsed time spent in this place.
 B = Non-inter-level travel time spent in this place.
 C = Inter-level travel time spent in this place.
 D = Time resting spent in this place.
 E = Time spent auto-exploring this place.
 F = Levels seen in this place.
 G = Mean time per level.
                   A        B        C        D        E       F      G
               +--------+--------+--------+--------+--------+-----+--------+
         Total |   2909 |   2777 |    132 |    139 |   2230 |   4 |  727.2 |
       Dungeon |   2909 |   2777 |    132 |    139 |   2230 |   4 |  727.2 |
               +--------+--------+--------+--------+--------+-----+--------+

Top non-repeatable levels by time:
     D:2: 1179 daAuts
     D:3: 884 daAuts
     D:1: 821 daAuts
     D:4: 23 daAuts
